Map: Ruínas de Endion

Players

Rescue

  • Race: Terran Terran
  • League: Master

TheZergLord - Winner!

  • Race: Zerg Zerg
  • League: Master

VOD

Have the link to the VOD?

Description

Time

  • Played on: May 6, 2016, 3:10 p.m.
  • Length: 9:04
Show
View Real Time Build Order
Export as new Build Order

Rescue Terran 

Build Orders: Reaper Expand, MMM Bio 

Get SALT Encoding   

  12  0:02  SCV  
  13  0:15  SCV  
  13  0:19  Supply Depot  
  14  0:27  SCV  
  15  0:40  SCV  
  16  0:43  Barracks  
  16  0:47  Refinery  
  16  0:53  SCV  
  17  1:05  SCV  
  18  1:20  SCV  
  19  1:35  Orbital Command  
  19  1:36  Reaper  
  20  1:41  Command Center  
  20  2:00  Supply Depot  
  20  2:01  SCV  
  21  2:13  Barracks Reactor  
  21  2:14  SCV  
  22  2:28  Factory  
  22  2:29  SCV  
  23  2:32  Refinery  
  23  2:42  SCV  
  24  2:59  Marine x2  
  26  3:08  Orbital Command  
  26  3:09  Bunker  
  26  3:12  SCV  
  26  3:14  Factory Tech Lab  
  26  3:23  Marine  
  26  3:24  Marine, SCV, Command Center  
  29  3:28  Supply Depot  
  29  3:34  Siege Tank  
  29  3:37  SCV  
  29  3:38  SCV  
  34  3:44  Starport  
  34  3:49  SCV  
  34  3:50  SCV  
  36  3:57  Marine  
  36  4:01  SCV  
  38  4:03  SCV  
  39  4:13  Hellion, SCV  
  39  4:15  SCV  
  39  4:16  Marine x2  
  45  4:20  Supply Depot  
  45  4:25  SCV  
  45  4:27  SCV, Medivac  
  45  4:28  Armory  
  49  4:37  Orbital Command, SCV  
  50  4:39  SCV  
  50  4:40  Infernal Pre-Igniter  
  51  4:48  Marine  
  51  4:49  Refinery, SCV  
  51  4:50  Refinery  
  51  4:51  Hellion  
  55  4:55  Marine  
  56  5:04  Starport Reactor  
  56  5:10  SCV x2  
  56  5:11  Barracks, SCV  
  56  5:14  Barracks  
  59  5:15  Engineering Bay  
  59  5:19  Engineering Bay  
  59  5:22  Marine x2  
  59  5:28  SCV x2  
  61  5:40  Marine  
  62  5:45  Marine  
  62  5:47  Medivac x2, Hellbat  
  62  5:48  SCV x2  
  62  5:49  Terran Infantry Weapons Level 1, Terran Infantry Armor Level 1  
  71  5:57  Marine  
  71  6:00  SCV x2  
  74  6:04  Barracks Tech Lab x2  
  74  6:10  Marine  
  74  6:11  Hellbat  
  77  6:23  Terran Vehicle Weapons Level 1  
  77  6:25  Supply Depot  
  77  6:26  Combat Shields  
  77  6:27  Supply Depot x2, Stimpack  
  77  6:47  SCV x2  
  77  6:50  Marine x3  
  77  6:51  Marine, Medivac  
  77  6:52  Medivac, Hellbat  
  89  6:59  SCV x2  
  91  7:08  Marine  
  91  7:11  SCV  
  91  7:13  SCV  
  91  7:14  Marine x3  
  96  7:23  SCV, Orbital Command  
  96  7:26  Marine  
  94  7:31  Marine  
  94  7:32  Marine  
  89  7:37  Marine  
  89  7:38  Hellbat, Medivac x2  
  89  7:44  Marine  
  94  7:49  Marine x2  
  93  7:52  SCV  
  93  7:55  Marine  
  93  8:01  Marine  
  93  8:03  Barracks x2  
  93  8:04  Factory, Barracks  
  94  8:06  Supply Depot, SCV x2  
  94  8:07  Supply Depot, Marine  
  94  8:08  Marauder  
  99  8:13  Marauder  
  101  8:20  Command Center  
  101  8:25  Supply Depot  
  101  8:26  Supply Depot x2  
  101  8:28  Marine x2, SCV x2  
  101  8:29  Marauder  
  107  8:34  Marauder  
  103  8:51  Factory Tech Lab  
Show
View Real Time Build Order
Export as new Build Order

TheZergLord Zerg - Winner!

Build Orders: Hatch First 

Get SALT Encoding   

  12  0:01  Drone  
  13  0:13  Overlord  
  13  0:17  Drone  
  14  0:31  Drone x2  
  14  0:35  Drone  
  17  0:51  Hatchery  
  17  0:55  Drone  
  17  1:09  Spawning Pool  
  17  1:11  Drone  
  17  1:14  Extractor  
  17  1:16  Drone  
  17  1:20  Drone  
  18  1:30  Drone  
  19  1:41  Overlord  
  19  1:56  Queen  
  19  1:57  Zergling x2  
  22  2:03  Zergling x4  
  22  2:04  Queen  
  26  2:15  Metabolic Boost  
  26  2:27  Drone  
  26  2:28  Drone x3  
  30  2:43  Hatchery  
  29  2:52  Drone  
  30  3:07  Queen, Drone x3  
  30  3:08  Drone  
  30  3:12  Overlord  
  36  3:18  Overlord  
  36  3:31  Drone x3  
  36  3:32  Drone x2  
  36  3:33  Drone x2  
  43  3:40  Drone  
  44  3:42  Overlord  
  44  3:54  Queen x2, Drone  
  48  3:56  Queen  
  48  4:00  Overlord  
  48  4:01  Drone x2  
  52  4:03  Drone  
  52  4:07  Drone x2  
  55  4:12  Drone x3  
  55  4:13  Drone  
  59  4:17  Overlord  
  59  4:21  Overlord  
  59  4:39  Zergling x2  
  59  4:40  Zergling x6  
  59  4:42  Drone x3  
  59  4:43  Drone x2  
  59  4:44  Lair  
  68  4:55  Drone x5  
  73  5:06  Overlord x2  
  73  5:08  Zergling x12  
  73  5:12  Drone x2  
  73  5:13  Baneling Nest, Evolution Chamber  
  79  5:23  Hatchery, Extractor, Drone x4  
  79  5:24  Drone  
  79  5:25  Extractor  
  79  5:26  Extractor  
  79  5:27  Extractor  
  79  5:28  Extractor, Drone  
  77  5:38  Drone x7  
  77  5:39  Drone  
  85  5:46  Zerg Ground Armor Level 1  
  85  5:56  Drone  
  86  5:59  Centrifical Hooks, Drone x2  
  86  6:01  Zergling x12  
  86  6:02  Zergling x2  
  95  6:07  Hatchery  
  95  6:10  Drone  
  95  6:12  Spire  
  95  6:13  Drone  
  95  6:20  Overlord  
  95  6:21  Overlord  
  95  6:36  Queen  
  95  6:37  Overlord x2  
  95  6:39  Zergling x26  
  109  6:53  Overlord x4  
  109  7:00  Evolution Chamber  
  108  7:07  Baneling  
  108  7:08  Baneling x7  
  94  7:09  Baneling  
  94  7:19  Queen  
  94  7:20  Zergling x20  
  94  7:21  Zergling x8  
  95  7:43  Infestation Pit  
  95  7:44  Spire  
  93  7:55  Drone x3  
  93  7:56  Drone x3  
  93  7:58  Zergling x18  
  106  8:21  Baneling x8  
  106  8:26  Baneling x3  
  106  8:27  Zergling x4, Baneling x4  
  106  8:28  Zergling x16  
  111  8:43  Zergling x16  
  111  8:44  Zergling x6  
Tags
 
Add a new tag
Caveats
  • Supply blocks, unpowered buildings, or Contaminate may cause inaccurate times.
  • Supply counts are checked every 10 seconds.